 Dungeon Crawl Stone Soup version 0.28.0-53-g5a82cb258f (console) character file.

Game seed: 2459498446326745653

2785 erker the Geomancer (level 9, -3/51 HPs)
             Began as an Octopode Earth Elementalist on July 15, 2022.
             Was an Initiate of Gozag.
             Slain by Harold
             ... wielding a +0 halberd
              (11 damage)
             ... on level 8 of the Dungeon.
             The game lasted 00:23:25 (9880 turns).

erker the Geomancer (Octopode Earth Elementalist)   Turns: 9880, Time: 00:23:26

Health: -3/51      AC:  3    Str:  7    XL:     9   Next: 70%
Magic:  15/15      EV: 14    Int: 21    God:    Gozag
Gold:   378        SH:  0    Dex: 19    Spells: 9/16 levels left

rFire   . . .      SeeInvis .   a - +0 dagger
rCold   + . .      Faith    .   (no shield)
rNeg    . . .      Spirit   .   B - +2 hat
rPois   .          Reflect  .   p - amulet of magic regeneration
rElec   .          Harm     .   r - ring of protection from cold
rCorr   .          Rampage  .   A - +6 ring of dexterity
Will    .....                   (no ring)
Stlth   ++++......              (no ring)
HPRegen 0.17/turn               (no ring)
MPRegen 0.54/turn               (no ring)
                                (no ring)
                                (no ring)

@: no status effects
A: almost no armour, amphibious, 8 rings, camouflage 1, gelatinous body 1,
(nimble swimmer 1), tentacles
a: Renounce Religion, Potion Petition, Call Merchant, Bribe Branch


You were on level 8 of the Dungeon.
You worshipped Gozag.
Gozag was aware of your devotion.
You visited 2 branches of the dungeon, and saw 9 of its levels.

You collected 465 gold pieces.
You paid 87 gold pieces to Gozag.

Inventory:

Hand Weapons
 a - a +0 dagger (weapon)
 c - a +0 short sword
Missiles
 b - 193 stones
 h - 14 poisoned darts (quivered)
Armour
 B - a +2 hat (worn)
Jewellery
 p - an amulet of magic regeneration (around mantle)
 r - a ring of protection from cold (left tentacle)
 A - a +6 ring of dexterity (right tentacle)
Wands
 s - a wand of mindburst (19)
 u - a wand of iceblast (7)
 y - a wand of digging (8)
Scrolls
 g - 9 scrolls of identify {unknown}
 m - 3 scrolls of immolation {unknown}
 o - a scroll of holy word {unknown}
 t - a scroll of blinking {unknown}
 v - a scroll of teleportation {unknown}
 w - a scroll of fog {unknown}
 x - 2 scrolls of vulnerability {unknown}
Potions
 d - 2 potions of haste {unknown}
 e - 2 potions of invisibility {unknown}
 f - a potion of curing {unknown}
 i - 3 potions of heal wounds {unknown}
 j - a potion of attraction {unknown}
 k - 2 potions of might {unknown}
 l - a potion of lignification {unknown}
 n - 3 potions of degeneration {unknown}
 q - 4 potions of mutation {unknown}
 z - a potion of brilliance {unknown}


   Skills:
 + Level 3.2 Short Blades
 + Level 3.2 Dodging
 + Level 5.4 Stealth
 - Level 4.0 Spellcasting
 - Level 8.0 Transmutations
 + Level 8.4 Earth Magic


You had 9 spell levels left.
You knew the following spells:

 Your Spells              Type           Power      Damage    Failure   Level
a - Sandblast             Erth           78%        2d17      1%          1
p - Petrify               Tmut/Erth      38%        N/A       4%          4
w - Passwall              Tmut/Erth      31%        N/A       1%          2

Your spell library contained the following spells:

 Spells                   Type           Power      Damage    Failure   Level
 Stone Arrow              Conj/Erth      42%        3d9       6%          3
 Freeze                   Ice            16%        1d4       12%         1
 Frozen Ramparts          Ice            8%         1d2       34%         3
 Gell's Gravitas          Tloc           4%         N/A       34%         3
 Inner Flame              Hex/Fire       4%         N/A       34%         3
 Lesser Beckoning         Tloc           4%         N/A       34%         3
 Teleport Other           Tloc           4%         N/A       34%         3
 Tukima's Dance           Hex            4%         N/A       34%         3
 Yara's Violent Unravell  Hex/Tmut       10%        3d6       54%         5
 Cause Fear               Hex            2%         N/A       75%         4
 Hailstorm                Conj/Ice       4%         3d4       75%         4
 Passage of Golubria      Tloc           4%         N/A       75%         4
 Discord                  Hex            2%         N/A       100%        8


Dungeon Overview and Level Annotations

Branches:
Dungeon (8/15)             Temple (1/1) D:4
   Lair: D:8-11

Altars:
Ashenzari
Cheibriados
Elyvilon
Fedhas
Gozag
Hepliaklqana
Kikubaaqudgha
Makhleb
Nemelex Xobeh
Okawaru
Qazlal
Ru
Sif Muna
Trog
Uskayaw
Vehumet
Wu Jian
Xom
Yredelemnul
Zin
The Shining One

Shops:
D:3 *   D:5 *

Portals:
Abyss: D:5

Annotations:
D:3 exclusion: phantom, Terence
D:4 exclusion: door
D:5 2 transporters, jombi's ghost, novice DrTm
D:6 exclusions: howler monkey and ice beast, Sigmund
D:8 Harold


Innate Abilities, Weirdness & Mutations

You cannot wear most types of armour.
You are amphibious.
You can wear up to eight rings at the same time.
Your skin changes colour to match your surroundings (Stealth+).
Your rubbery body absorbs attacks. (AC +1, EV +1)
((You are camouflaged when in or above water. (Stealth+)))
You have tentacles for arms and can constrict up to eight enemies at once.


Message History

The yak stops moving altogether!
The yak is no longer distracted by gold.
You see here 10 gold pieces.
The helpless yak fails to defend itself.
You impale the yak!! You squeeze the yak, but do no damage.
The yak is moderately wounded.
The helpless yak fails to defend itself.
You impale the yak!!
The yak is severely wounded.
The helpless yak fails to defend itself.
You impale the yak!!
You kill the yak!
You now have 352 gold pieces (gained 17).
You now have 362 gold pieces (gained 10).
You now have 378 gold pieces (gained 16).
Harold shouts!
Harold throws a throwing net.
The throwing net completely misses you.
You see here a throwing net.
Casting: Petrify (dangerous; 4% risk of failure)
Confirm with . or Enter, or press ? or * to list all spells.
Aiming: Petrify (dangerous; 4% risk of failure)
Press: ? - help, Shift-Dir - straight line, f - Harold
Aim: Harold, wielding a +0 halberd, wearing a +0 chain mail and quivering a throwing net (chance to affect: 30%) Harold easily resists.
Harold throws a throwing net.
The throwing net hits you.
You become entangled in the net!
You tear a large gash into the net.
Harold fires a harpoon shot at you. The harpoon shot hits you!
You are yanked forward by the harpoon shot.
Found a runed spear.
Found a stone staircase leading down.
Harold barely misses you.
There is an open door here.
Harold hits you from afar with a +0 halberd!!
Harold fires a harpoon shot at you. The harpoon shot hits you!
* * * LOW HITPOINT WARNING * * *
You are yanked forward by the harpoon shot.
Harold hits you from afar with a +0 halberd!
You die...
Your body crumbles into a pile of gold.

##.##.##.##......#.#.##.#
#
#.......##......'.#.##.#
#
#........'......###.##.#
#
#.......##..........##.#
#
#.......#####..#.......#
# ##+####.#
#..#.########## #.#
#.....#[..<..##
#.######.#####.######
#...@...(### #.......
##.@##......# ###...##
#....'......# #...#
#.#...##......# #####
#.....#.......#
#............##
#............#
#............#
##......######


You could see Harold.

Vanquished Creatures
  Pikel (D:8)
  A wyvern (D:8)
  Eustachio (D:5)
  3 yaks (D:8)
  Grum (D:8)
  A water moccasin (D:7)
  An ice beast (D:6)
  An orc warrior (D:8)
  A sky beast (D:5)
  A necrophage (D:7)
  2 wolves (D:8)
  2 ogres (D:5)
  4 lemures
  A scorpion (D:6)
  A water moccasin skeleton (D:6)
  2 howler monkeys (D:7)
  A crimson imp (D:5)
  A centaur zombie (D:7)
  A bullfrog zombie (D:3)
  2 hounds
  An orc priest (D:8)
  2 orc wizards (D:8)
  2 iguanas
  A killer bee zombie (D:5)
  A hound skeleton (D:4)
  6 adders
  A shadow imp (D:5)
  A white imp (D:7)
  3 worms
  2 dart slugs (D:3)
  11 orcs
  6 ball pythons
  3 bats
  3 endoplasms
  7 giant cockroaches
  6 goblins
  6 hobgoblins
  2 jackals (D:2)
  8 kobolds
  4 quokkas
  5 frilled lizards
  4 rats
114 creatures vanquished.

Notes
Turn   | Place    | Note
-------+----------+-------------------------------------------
     0 | D:1      | erker the Octopode Earth Elementalist began the quest for
                  | the Orb.
     0 | D:1      | Reached XP level 1. HP: 11/11 MP: 3/3
   119 | D:1      | Reached XP level 2. HP: 14/17 MP: 1/5
   126 | D:1      | Learned a level 2 spell: Passwall
   231 | D:1      | Reached skill level 1 in Short Blades
   734 | D:1      | Reached XP level 3. HP: 20/21 MP: 6/6
   767 | D:1      | You fall into a shaft and drop 1 floor!
  1945 | D:2      | Reached XP level 4. HP: 27/27 MP: 7/7
  1950 | D:2      | Learned a level 4 spell: Petrify
  2190 | D:2      | Found a faded altar of an unknown god.
  2404 | D:3      | Found Ytoraud's Assorted Antiques.
  2875 | D:3      | Noticed a phantom
  3073 | D:3      | Reached XP level 5. HP: 19/31 MP: 2/8
  3495 | D:3      | Noticed Terence
  4394 | D:4      | Found a staircase to the Ecumenical Temple.
  4426 | Temple   | Entered the Ecumenical Temple
  4798 | D:4      | Noticed a phantom
  5005 | D:5      | Entered Level 5 of the Dungeon
  5063 | D:5      | Identified the +5 long sword "Eheshohi" {flame, +Blink rC+
                  | MP-9 Int+4}
  5074 | D:5      | Noticed an ogre
  5117 | D:5      | Noticed a black bear
  5127 | D:5      | Found Baseof's Assorted Antiques.
  5314 | D:5      | Found a white marble altar of Elyvilon.
  5316 | D:5      | Found a glowing golden altar of the Shining One.
  5319 | D:5      | Noticed an ogre
  5322 | D:5      | Noticed Eustachio
  5338 | D:5      | Killed an ogre
  5339 | D:5      | Reached XP level 6. HP: 36/36 MP: 9/9
  5413 | D:5      | Killed Eustachio
  5414 | D:5      | Reached skill level 5 in Earth Magic
  5414 | D:5      | Reached XP level 7. HP: 40/41 MP: 10/10
  5479 | D:5      | Found a transporter.
  5494 | D:5      | Noticed jombi's ghost (novice DrTm)
  5509 | D:5      | Found a transporter.
  5556 | D:5      | Found a burning altar of Makhleb.
  5720 | D:5      | Found a glowing silver altar of Zin.
  5798 | D:5      | Found a one-way gate to the infinite horrors of the Abyss.
  5853 | D:5      | Found a shimmering altar of Xom.
  5941 | D:5      | Reached skill level 5 in Transmutations
  5976 | D:5      | Found an iron altar of Okawaru.
  5981 | D:5      | Found a sacrificial altar of Ru.
  6220 | D:6      | Noticed a +0 hand axe
  6220 | D:6      | Noticed a +0 dagger
  6221 | D:6      | Found a hide-covered altar of Uskayaw.
  6314 | D:6      | Found an ornate altar of the Wu Jian Council.
  6471 | D:6      | Noticed Sigmund
  6593 | D:6      | Reached XP level 8. HP: 46/46 MP: 8/11
  6623 | D:6      | Found an ancient bone altar of Kikubaaqudgha.
  8124 | D:7      | Found an opulent altar of Gozag.
  8129 | D:7      | Became a worshipper of Gozag Ym Sagoz the Greedy
  8744 | D:8      | Noticed Pikel
  9122 | D:8      | Killed Pikel
  9123 | D:8      | Reached XP level 9. HP: 38/51 MP: 11/13
  9515 | D:8      | Noticed Grum
  9582 | D:8      | Found a radiant altar of Vehumet.
  9655 | D:8      | Killed Grum
  9811 | D:8      | Noticed Harold
  9841 | D:8      | Reached skill level 5 in Stealth
  9880 | D:8      | Slain by Harold

Illustrated notes

Levels and vault maps discovered:
D:1:      dpeg_arrival_houses_and_road, layout_basic,
          chequers_serial_rivers_micro_d, columned_hall_lemuel
D:2:      layout_basic, dreamdust_ecumenical_altar_hidden_monk_grotto,
          minmay_goblin_outpost
D:3:      layout_loops_corners, serial_shops, nicolae_square_shop,
          grunt_ministairs_9, uniq_terence
D:4:      layout_basic, minmay_temple_entry_gardened_gates, minmay_pentangle
D:5:      layout_loops_ring, makhleb_grotto_becter, kennysheep_mini, minitemple,
          serial_shops, nicolae_shop_hallway_plus,
          gammafunk_ghost_abyssal_escape, uniq_eustachio
D:6:      layout_loops_ring, nicolae_wu_jian_wuxing_cycle,
          overflow_temple_1_default, dancing_weapons_uskayaw,
          chequers_serial_rivers_micro_b, minmay_misc_feat_encased,
          corexii_corridor_pit, nicolae_elevator_lobby_asterisk, uniq_sigmund
D:7:      layout_basic, nicolae_gozag_cash_rules_everything_around_me
D:8:      layout_basic, overflow_temple_1_default, uniq_grum, uniq_harold,
          uniq_maurice, uniq_pikel
Temple:   dpeg_three_leaves_temple

Skill      XL: |  1  2  3  4  5  6  7  8  9 |
---------------+----------------------------+-----
Stealth        | 3 4 5 |  5.4
Short Blades   | 1 2 3 |  3.2
Earth Magic    | 4 5 6 8 |  8.4
Transmutations | 2 4 6 8 |  8.0
Spellcasting   | 4 |  4.0
Dodging        | 3 |  3.2

Action                   |  1- 3 |  4- 6 |  7- 9 || total
-------------------------+-------+-------+-------++-------
Melee: Unarmed           |     4 |       |       ||     4
       Short sword       |    10 |       |       ||    10
       Constrict         |    21 |    12 |    17 ||    50
       Dagger            |    70 |    48 |    75 ||   193
       Tentacles         |     8 |    13 |    20 ||    41
       Punch             |       |       |     3 ||     3
Throw: Dart              |       |     5 |     4 ||     9
 Cast: Sandblast         |    12 |    22 |    58 ||    92
       Passwall          |       |     2 |     7 ||     9
       Petrify           |       |     2 |    16 ||    18
 Stab: Sleeping          |    13 |    10 |     5 ||    28
       Distracted        |     1 |       |       ||     1
       Petrified         |       |     5 |    28 ||    33
Armor: Skin              |     6 |       |     6 ||    12
Dodge: Dodged            |    46 |    31 |    45 ||   122
